General information
- name: BNet
- type: Ladder 1vs1/FFA
- host: Battle.net
- saver: THELAGHOTEL
map: LostTemple
- players: 2
- length: 15:03
- speed: Fast
- version: 1.21 W3XP
- replay type: Public
» download(51 KB)
Players
team 1 (winner)

»
THELAGHOTEL (
purple | 83 APM | 1255 actions | 15:03)
4 Demon Hunter
2 Mana Burn
2 Evasion
3 Keeper of the Grove
2 Entangling Roots
1 Thorns Aura
» actions
| Assign group hotkey | 86 | |
| Basic commands | 72 | |
| Build / train | 52 | |
| ESC pressed | 1 | |
| Enter build submenu | 21 | |
| Enter hero's abilities submenu | 7 | |
| Remove unit from queue | 2 | |
| Right click | 594 | |
| Select / deselect | 302 | |
| Select group hotkey | 49 | |
| Use ability | 69 | |
1255 total
» units
» upgrades
| Abolish Magic | 1 | |
| Moon Armor | 1 | |
| Reinforced Hides | 1 | |
3 total
» buildings
| Altar of Elders | 1 | |
| Moon Well | 6 | |
| Hunter's Hall | 1 | |
| Ancient of War | 1 | |
| Ancient Protector | 2 | |
| Tree of Ages | 1 | |
| Tree of Life | 1 | |
| Ancient of Lore | 2 | |
| Tree of Eternity | 1 | |
| Ancient of Wonders | 1 | |
17 total
» build order
00:07 Altar of Elders
00:30 Moon Well
01:35 Hunter's Hall
01:51 Ancient of War
01:57 Moon Well
03:12 Ancient Protector
04:09 Tree of Ages
04:13 Ancient Protector
04:20 Moon Well
05:34 Tree of Life
07:54 Moon Well
08:50 Ancient of Lore
09:14 Moon Well
10:31 Ancient of Lore
10:33 Tree of Eternity
10:43 Moon Well
10:46 Ancient of Wonders
» items
| Scroll of Healing | 2 | |
| Scroll of Town Portal | 1 | |
3 total
team 2 (loser)
motorolo (
blue | 82 APM | 1228 actions | 15:01)
4 Archmage
3 Summon Water Elemental
1 Brilliance Aura
1 Mountain King
1 Storm Bolt
2 Paladin
1 Holy Light
1 Divine Shield
» actions
| Assign group hotkey | 16 | |
| Basic commands | 50 | |
| Build / train | 110 | |
| Enter build submenu | 21 | |
| Enter hero's abilities submenu | 6 | |
| Remove unit from queue | 3 | |
| Right click | 563 | |
| Select / deselect | 311 | |
| Select group hotkey | 34 | |
| Use ability | 114 | |
1228 total
» units
| Peasant | 21 | |
| Footman | 8 | |
| Rifleman | 2 | |
| Knight | 10 | |
| Sorceress | 2 | |
| Priest | 2 | |
45 total
» upgrades
| Defend | 1 | |
| Swords | 1 | |
| Lumber Harvesting | 1 | |
| Animal War Training | 1 | |
4 total
» buildings
| Altar of Kings | 1 | |
| Farm | 10 | |
| Barracks | 1 | |
| Arcane Vault | 1 | |
| Keep | 3 | |
| Blacksmith | 1 | |
| Scout Tower | 2 | |
| Lumber Mill | 1 | |
| Arcane Tower | 3 | |
| Castle | 4 | |
| Guard Tower | 3 | |
| Arcane Sanctum | 2 | |
32 total
» build order
00:08 Altar of Kings
00:20 Farm
00:35 Barracks
00:52 Farm
02:24 Farm
02:30 Arcane Vault
03:11 Keep
03:11 Keep
03:12 Keep
03:19 Blacksmith
04:08 Scout Tower
04:16 Scout Tower
04:41 Lumber Mill
04:50 Arcane Tower
04:50 Arcane Tower
05:47 Farm
05:49 Farm
05:52 Castle
05:52 Castle
06:04 Guard Tower
07:59 Arcane Sanctum
09:30 Farm
10:34 Arcane Sanctum
11:35 Farm
11:47 Farm
12:46 Farm
13:04 Farm
» items
Chat log
(07:13 / All) motorolo: aa